 Dungeon Crawl Stone Soup version 0.31-a0-255-g9c3d1c461a (webtiles) character file.

Game seed: 767806467494303398

104 qw the Shooter (level 4, -1/37 HPs)
             Began as a Minotaur Hexslinger on July 12, 2023.
             Slain by a black bear (3 damage)
             ... on level 4 of the Dungeon.
             The game lasted 00:01:06 (1995 turns).

qw the Shooter (Minotaur Hexslinger)                Turns: 1995, Time: 00:01:06

Health: -1/37      AC:  5    Str: 12    XL:     4   Next: 52%
Magic:  4/4        EV: 11    Int: 10    God:
Gold:   112        SH:  0    Dex: 15    Spells: 4/5 levels left

rFire   . . .        Y - +1 sling
rCold   . . .        (no shield)
rNeg    . . .        b - +0 ring mail
rPois   .            (helmet restricted)
rElec   .            (no cloak)
rCorr   .            (no gloves)
SInv    .            (no boots)
Will    .....        (no amulet)
Stlth   +            (no ring)
HPRegen 0.26/turn    (no ring)
MPRegen 0.09/turn

%: no passive effects
@: no status effects
A: horns 2, retaliatory headbutt
a: no special abilities


You were on level 4 of the Dungeon.
You visited 1 branch of the dungeon, and saw 4 of its levels.

You collected 112 gold pieces.


Innate Abilities, Weirdness & Mutations

You have a pair of horns on your head.
You reflexively headbutt those who attack you in melee.


   Skills:
 - Level 2.4 Fighting
 + Level 4.7 Ranged Weapons
 - Level 1.0 Armour
 - Level 2.1 Dodging
 - Level 1.0 Spellcasting
 - Level 2.0 Hexes


You had 4 spell levels left.
You knew the following spells:

 Your Spells              Type           Power      Damage    Failure   Level
a - Slow                  Hex            16%        N/A       34%         1

Your spell library contained the following spells:

 Spells                   Type           Power      Damage    Failure   Level
 Inner Flame              Hex/Fire       2%         N/A       83%         3
 Portal Projectile        Hex/Tloc       4%         N/A       83%         3
 Cause Fear               Hex            2%         N/A       98%         4

Inventory:

Hand Weapons
 Y - a +1 sling (weapon)
Armour
 b - a +0 ring mail (worn)
Jewellery
 e - a ring of fire
Potions
 c - a potion of enlightenment {unknown}
 d - a potion of curing {unknown}
 f - a potion of haste

Dungeon Overview and Level Annotations

Branches:
Dungeon (4/15)
 Temple: D:4-7

Altars:
Dithmenos
Qazlal

Annotations:
D:3 1 runed translucent door, Crazy Yiuf


Message History

The black bear bites you. The black bear claws you. The black bear misses you.
You shoot a sling bullet.
The sling bullet hits the black bear but does no damage.
The black bear is moderately wounded.
The black bear bites you. The black bear misses you. The black bear claws you.
The black bear bites you. The black bear misses you.
The black bear claws you but does no damage.
You shoot a sling bullet. The sling bullet hits the black bear.
The black bear is heavily wounded.
A hobgoblin comes into view.
The black bear bites you but does no damage.
The black bear misses you. The black bear completely misses you.
You shoot a sling bullet.
The sling bullet closely misses the black bear.
The hobgoblin shouts!
The black bear bites you.
The black bear claws you but does no damage. x2
You shoot a sling bullet.
The sling bullet closely misses the black bear.
The black bear bites you. The black bear closely misses you.
The black bear claws you. The black bear bites you. The black bear claws you.
The black bear barely misses you.
You shoot a sling bullet.
The sling bullet hits the black bear but does no damage.
The black bear is moderately wounded.
The black bear closely misses you.
The black bear claws you but does no damage. x2
You shoot a sling bullet. The sling bullet hits the black bear.
The black bear is moderately wounded.
The black bear barely misses you. The black bear claws you.
The black bear barely misses you.
You shoot a sling bullet.
The sling bullet barely misses the black bear.
The black bear barely misses you.
The black bear claws you but does no damage. x2
You shoot a sling bullet. The sling bullet hits the black bear.
The black bear is heavily wounded.
The black bear bites you. The black bear claws you. The black bear misses you.
The hobgoblin barely misses you. The black bear bites you.
You die...

. #####.#.......<....^..
..#........####.##...#..
.............#..##.###
........<....(......8.8
........####.#####.....
#.....#..# #.# .8.8
..#####..###.# ### .
#....#.# #..@.#.#
###hg..# ...#...#
.......... ...........
............
.........####
#.(.......#


You could see a black bear and a hobgoblin.

Vanquished Creatures
  A gnoll (D:1)
  2 adders (D:3)
  3 worms
  3 dart slugs
  An orc (D:3)
  4 ball pythons
  4 endoplasms
  5 giant cockroaches
  6 hobgoblins
  9 kobolds
  A quokka (D:1)
  3 bats
  5 frilled lizards
  7 goblins
  3 rats
57 creatures vanquished.

Notes
Turn   | Place    | Note
-------+----------+-------------------------------------------
     0 | D:1      | qw the Minotaur Hexslinger began the quest for the Orb.
     0 | D:1      | Reached XP level 1. HP: 16/16 MP: 1/1
     0 | D:1      | 0 ||| qw: Version: 0.3-a-52-g30416fa
     0 | D:1      | 0 ||| qw: Game counter: 6719
     0 | D:1      | 0 ||| qw: Melee chars always use a shield: true
     0 | D:1      | 0 ||| qw: God list: Okawaru
     0 | D:1      | 0 ||| qw: Allow faded altars: false
     0 | D:1      | 0 ||| qw: Do Orc after clearing Dungeon:15 true
     0 | D:1      | 0 ||| qw: Do second Lair branch before Depths: true
     0 | D:1      | 0 ||| qw: Lair rune preference: random
     0 | D:1      | 0 ||| qw: Goals: Normal
     0 | D:1      | 0 ||| PLANNING D:1-11
    90 | D:1      | Reached skill level 3 in Ranged Weapons
   121 | D:1      | Reached XP level 2. HP: 23/23 MP: 2/2
   396 | D:1      | Reached XP level 3. HP: 30/30 MP: 3/3
   698 | D:1      | 698 ||| UPGRADING to +0 leather armour.
   708 | D:1      | 708 ||| DROPPING +0 robe.
   709 | D:1      | 709 ||| READING scroll labelled FINIWYNUO.
   713 | D:1      | 713 ||| DROPPING scroll of poison.
   737 | D:2      | 737 ||| STAIRDANCE
   867 | D:2      | 867 ||| FLEEEEING.
   868 | D:2      | 868 ||| FLEEEEING.
   959 | D:2      | Identified the +12 hand axe of Savialau {freeze, Int+2
                  | Stlth+}
   983 | D:2      | Reached skill level 4 in Ranged Weapons
   983 | D:2      | 983 ||| FLEEEEING.
  1141 | D:2      | 1141 ||| READING scroll labelled VIECACZOAG.
  1142 | D:2      | 1142 ||| READING scroll labelled GAOCZY QOHUW.
  1175 | D:3      | Found a stormy altar of Qazlal.
  1176 | D:3      | 1176 ||| Stepping ~*~*~tactically~*~*~ (outnumbered).
  1178 | D:3      | 1178 ||| FLEEEEING.
  1189 | D:3      | Reached XP level 4. HP: 37/37 MP: 4/4
  1466 | D:3      | Found a runed translucent door.
  1467 | D:3      | Noticed Crazy Yiuf
  1681 | D:3      | 1681 ||| UPGRADING to +0 ring mail.
  1691 | D:3      | 1691 ||| DROPPING +0 leather armour.
  1692 | D:3      | 1692 ||| READING 2 scrolls labelled QAUNAE VAWUK.
  1693 | D:3      | 1693 ||| READING scroll labelled DOKKACSONT.
  1694 | D:3      | 1694 ||| DRINKING 2 silvery potions.
  1695 | D:3      | 1695 ||| DROPPING scroll of fear.
  1742 | D:4      | Found a shadowy altar of Dithmenos.
  1748 | D:4      | 1748 ||| STAIRDANCE
  1752 | D:4      | 1752 ||| STAIRDANCE
  1756 | D:4      | 1756 ||| STAIRDANCE
  1760 | D:4      | 1760 ||| STAIRDANCE
  1764 | D:4      | 1764 ||| STAIRDANCE
  1768 | D:4      | 1768 ||| STAIRDANCE
  1772 | D:4      | 1772 ||| STAIRDANCE
  1776 | D:4      | 1776 ||| STAIRDANCE
  1780 | D:4      | 1780 ||| STAIRDANCE
  1784 | D:4      | 1784 ||| STAIRDANCE
  1788 | D:4      | 1788 ||| STAIRDANCE
  1792 | D:4      | 1792 ||| STAIRDANCE
  1796 | D:4      | 1796 ||| STAIRDANCE
  1800 | D:4      | 1800 ||| STAIRDANCE
  1804 | D:4      | 1804 ||| STAIRDANCE
  1808 | D:4      | 1808 ||| STAIRDANCE
  1812 | D:4      | 1812 ||| STAIRDANCE
  1816 | D:4      | 1816 ||| STAIRDANCE
  1820 | D:4      | 1820 ||| STAIRDANCE
  1824 | D:4      | 1824 ||| STAIRDANCE
  1832 | D:4      | 1832 ||| FLEEEEING.
  1902 | D:3      | Reached skill level 1 in Armour
  1981 | D:4      | Noticed a black bear
  1993 | D:4      | HP: 9/37 [black bear (2)]
  1995 | D:4      | HP: 4/37 [black bear (5)]
  1995 | D:4      | Slain by a black bear

Levels and vault maps discovered:
D:1:      elethiomel_arrival_quiet, layout_loops_ring, minmay_worlds_worst_comb
D:2:      layout_rooms
D:3:      layout_basic, lemuel_tele_altar, uniq_crazy_yiuf_cottage
D:4:      layout_rooms, mainiacjoe_overflow_boulevard, corexii_checkpoint_b,
          chequers_avenue, uniq_pikel, uniq_natasha

Skill      XL: |  1  2  3  4 |
---------------+-------------+-----
Ranged Weapons | 3 4 |  4.7
Fighting       | 2 |  2.4
Armour         | 1 |  1.0
Dodging        | |  2.1
Spellcasting   | |  1.0
Hexes          | |  2.0

Action                     |  1- 3 |  4- 6 || total
---------------------------+-------+-------++-------
   Fire: Sling             |   135 |    71 ||   206
    Use: Scroll            |     3 |     2 ||     5
         Potion            |       |     1 ||     1
 Armour: Robe              |     2 |       ||     2
         Leather armour    |     3 |     4 ||     7
         Ring mail         |       |    15 ||    15
  Dodge: Dodged            |    49 |    36 ||    85

Table legend:
 A = Non-vault XP
 B = Vault XP
 C = Vault XP percentage of total XP
 D = Non-vault monster count
 E = Vault monster count
 F = Vault count percentage of total count
                 A         B        C        D         E       F
            +---------+---------+-------+---------+---------+-------
      Total |     145 |       4 |   2.7 |      55 |       2 |   3.5
            +---------+---------+-------+---------+---------+-------
        D:1 |      49 |       4 |   7.5 |      19 |       2 |   9.5
        D:2 |      38 |       0 |   0.0 |      19 |       0 |   0.0
        D:3 |      56 |       0 |   0.0 |      16 |       0 |   0.0
        D:4 |       2 |       0 |   0.0 |       1 |       0 |   0.0
            +---------+---------+-------+---------+---------+-------
